 Dungeon Crawl Stone Soup version 0.29-a0-598-gd8304a5bf4 (webtiles) character file.

Game seed: 5374323694942298570

102 moldycheese5 the Sneak (level 5, -1/26 (28) HPs)
             Began as a Kobold Enchanter on June 15, 2022.
             Slain by a necrophage (5 damage)
             ... on level 3 of the Dungeon.
             The game lasted 00:18:20 (2566 turns).

moldycheese5 the Sneak (Kobold Enchanter)           Turns: 2566, Time: 00:18:21

HP:   -1/26 (28)    AC:  4    Str:  5    XL:     5   Next: 6%
MP:   8/8           EV: 15    Int: 23    God:
Gold: 87            SH:  0    Dex: 17    Spells: 8/8 levels left

rFire   . . .      SeeInvis .   f - +2 dagger (venom)
rCold   . . .      Faith    .   (no shield)
rNeg    . . .      Spirit   .   b - +0 robe
rPois   .          Reflect  .   (no helmet)
rElec   .          Harm     .   (no cloak)
rCorr   .          Rampage  .   j - +1 pair of gloves
Will    .....                   (no boots)
Stlth   ++++......              (no amulet)
HPRegen 0.08/turn               d - +6 ring of intelligence
MPRegen 0.11/turn               e - ring of flight

@: flying, drained
A: small, no large weapons, nightstalker 3
a: no special abilities


You were on level 3 of the Dungeon.
You visited 1 branch of the dungeon, and saw 3 of its levels.

You collected 87 gold pieces.

Inventory:

Hand Weapons
 a - a +1 dagger
 f - a +2 dagger of venom (weapon)
Missiles
 q - 3 atropa-tipped darts (quivered)
Armour
 b - a +0 robe (worn)
 j - a +1 pair of gloves (worn)
 r - a +0 leather armour
Magical Staves
 n - a staff of fire
Jewellery
 d - a +6 ring of intelligence (left hand)
 e - a ring of flight (right hand)
 p - an amulet of faith
Wands
 m - a wand of iceblast (10)
Scrolls
 g - 2 scrolls of enchant armour
 h - a scroll of magic mapping
 l - a scroll of identify {unknown}
Potions
 c - a potion of invisibility
 k - a potion of cancellation {unknown}
 o - a potion of lignification {unknown}


   Skills:
 + Level 0.8 Fighting
 + Level 2.7 Short Blades
 + Level 3.0 Dodging
 + Level 5.8 Stealth
 + Level 2.3 Spellcasting
 + Level 3.4 Hexes


You had 8 spell levels left.
You didn't know any spells.
Your spell library contained the following spells:

 Spells                   Type           Power      Damage    Failure   Level
 Confusing Touch          Hex            18%        N/A       9%          3
 Tukima's Dance           Hex            18%        N/A       9%          3
 Ensorcelled Hibernation  Hex/Ice        20%        N/A       10%         2
 Dazzling Flash           Conj/Hex       20%        N/A       19%         3


Dungeon Overview and Level Annotations

Branches:
Dungeon (3/15)

Altars:
Vehumet


Innate Abilities, Weirdness & Mutations

You are small and have problems with some larger weapons.
You are completely attuned to the shadows.


Message History

A jackal comes into view.
The jackal attacks as you move away! The jackal completely misses you.
The ball python attacks as you move away!
The ball python misses you. The jackal barely misses you.
The ball python closely misses you. The ball python misses you.
The ball python attacks as you move away!
The ball python barely misses you.
The jackal pauses to sniff the ground.
The jackal misses you. The ball python closely misses you.
The ball python barely misses you.
The ball python attacks as you move away!
The ball python bites you but does no damage.
The ball python completely misses you.
The ball python attacks as you move away!
The ball python closely misses you. The ball python misses you.
The ball python attacks as you move away!
The ball python bites you but does no damage.
The ball python misses you.
The ball python bites you but does no damage.
The ball python grabs you. The ball python constricts you.
The ball python's grasp on you weakens, but your attempt to escape fails.
The ball python bites you but does no damage.
The ball python constricts you.
As you read the scroll labelled BITTAR LICOI, it crumbles to dust.
You feel aware of your surroundings.
You sensed 5 shops/portals.
It was a scroll of magic mapping.
The ball python closely misses you. The ball python constricts you.
Something hits you.
* * * LOW HITPOINT WARNING * * *
As you read the scroll labelled BICSOE JUFY, it crumbles to dust.
You assume a fearsome visage.
The jackal looks frightened!
The ball python looks frightened!
It was a scroll of fear.
The ball python loses its grip on you.
The necrophage attacks as you move away!
The necrophage misses you.
The necrophage attacks as you move away!
The necrophage closely misses you.
You hear the quick rusting of a very distant drain.
The necrophage attacks as you move away!
The necrophage hits you.
You die...

.....#*#........##..# *,,,,,,,,*
.....# #...h...####.# *,*,,*****
∩..∩## #.......####.###,,,**
.....# #.......##.......,** ***
.....###h.......#.......*******,,
...♣..h....††.......##..,,,,,*,,,
...#...≈≈≈≈≈≈≈≈≈.......#****,,,,,
#.##.#.........≈n..####* **,,,,
*,*#...≈.≈≈§≈§§≈@....* *,,,,
*,,....≈.≈...≈.≈..##.#** **,,,
*****,.≈.≈._.§.≈..#*..,*** **,,,
**.≈.≈.....≈..#***,,,****,<,,
****.≈.≈≈≈≈≈.≈..# ***,,*,,,,,,
*,,,.≈.......≈..# ****,..#,,,*
***,*,.≈≈≈≈≈≈≈≈≈.## **,,,,...,*,.
,,,,*,,,..........###,,***##.###.
****,,,*,,,*####.....,##*##...#..


You could see a necrophage.

Vanquished Creatures
  A gnoll (D:3)
  2 adders (D:2)
  2 worms (D:2)
  2 dart slugs
  An orc (D:3)
  5 endoplasms
  2 giant cockroaches
  9 goblins
  4 hobgoblins (D:1)
  4 jackals (D:3)
  5 quokkas
  3 ball pythons
  3 bats
  4 frilled lizards (D:1)
  6 kobolds
  7 rats
60 creatures vanquished.

Notes
Turn   | Place    | Note
-------+----------+-------------------------------------------
     0 | D:1      | moldycheese5 the Kobold Enchanter began the quest for the
                  | Orb.
     0 | D:1      | Reached XP level 1. HP: 10/10 MP: 3/3
   146 | D:1      | Reached XP level 2. HP: 15/15 MP: 5/5
   492 | D:1      | Reached XP level 3. HP: 8/19 MP: 6/6
  1541 | D:2      | Reached skill level 5 in Stealth
  1553 | D:2      | Reached XP level 4. HP: 24/24 MP: 7/7
  2186 | D:3      | Noticed a scorpion
  2225 | D:3      | Found a radiant altar of Vehumet.
  2497 | D:3      | Reached XP level 5. HP: 18/28 MP: 8/8
  2533 | D:3      | Found a faded altar of an unknown god.
  2566 | D:3      | Slain by a necrophage

Illustrated notes

Levels and vault maps discovered:
D:1:      grunt_arrival_crossed_arrows, layout_basic
D:2:      layout_basic, nrook_mini_vaults
D:3:      layout_rooms, mainiacjoe_overflow_concentric_impassable,
          hellmonk_ecumenical_altar_arch_garden, gup_sewer_entry_glass,
          minmay_misc_feat_four_crosses

Skill      XL: |  1  2  3  4  5 |
---------------+----------------+-----
Short Blades   | 2 |  2.7
Stealth        | 5 |  5.8
Dodging        | 3 |  3.0
Fighting       | |  0.8
Spellcasting   | |  2.3
Hexes          | |  3.4

Action                   |  1- 3 |  4- 6 || total
-------------------------+-------+-------++-------
Melee: Dagger            |    85 |    69 ||   154
       Punch             |       |     1 ||     1
  Use: Scroll            |       |     3 ||     3
       Potion            |       |     1 ||     1
 Stab: Sleeping          |    15 |     9 ||    24
       Distracted        |       |     1 ||     1
Armor: Robe              |     6 |    22 ||    28
Dodge: Dodged            |    41 |    90 ||   131

Table legend: (Time is in decaauts)
 A = Elapsed time spent in this place.
 B = Non-inter-level travel time spent in this place.
 C = Inter-level travel time spent in this place.
 D = Time resting spent in this place.
 E = Time spent auto-exploring this place.
 F = Levels seen in this place.
 G = Mean time per level.
                   A        B        C        D        E       F      G
               +--------+--------+--------+--------+--------+-----+--------+
         Total |   2546 |   2054 |    492 |      0 |   1647 |   3 |  848.7 |
       Dungeon |   2546 |   2054 |    492 |      0 |   1647 |   3 |  848.7 |
               +--------+--------+--------+--------+--------+-----+--------+

Top non-repeatable levels by time:
     D:1: 1352 daAuts
     D:2: 787 daAuts
     D:3: 406 daAuts
